 Dungeon Crawl Stone Soup version 0.28-a0-305-g9e858e973b (webtiles) character file.

Game seed: 16169492415519619999

2170 freelancePsychic the Cleaver (level 9, -6/85 HPs)
             Began as a Hill Orc Monk on Aug 29, 2021.
             Was a Follower of Fedhas.
             Mangled by a 14-headed hydra (7 damage)
             ... on level 7 of the Dungeon.
             The game lasted 00:10:09 (5873 turns).

freelancePsychic the Cleaver (Hill Orc Monk)        Turns: 5873, Time: 00:10:09

Health: -6/85      AC: 12    Str: 17    XL:     9   Next: 32%
Magic:  11/11      EV: 11    Int: 10    God:    Fedhas [*.....]
Gold:   417        SH:  0    Dex: 11    Spells: 8/8 levels left

rFire   . . .      SeeInvis .   c - +5 broad axe (venom)
rCold   . . .      Faith    .   (no shield)
rNeg    + . .      Spirit   .   a - +3 ring mail of Renit {rElec rN+ Will+++ Dex-2}
rPois   .          Reflect  .   (no helmet)
rElec   +          Harm     .   (no cloak)
rCorr   .          Rampage  .   j - +2 pair of gloves
Will    +++..                   (no boots)
Stlth   +.........              h - amulet of regeneration
HPRegen 1.24/turn               l - ring of flight
MPRegen 0.12/turn               (no ring)

@: flying, studying Fighting
A: no striking features
a: Renounce Religion


You were on level 7 of the Dungeon.
You worshipped Fedhas.
Fedhas was aware of your devotion.
You visited 2 branches of the dungeon, and saw 8 of its levels.
You also visited: Ossuary.

You collected 417 gold pieces.

Inventory:

Hand Weapons
 c - a +5 broad axe of venom (weapon)
Armour
 a - the +3 ring mail of Renit (worn) {rElec rN+ Will+++ Dex-2}
   (You found it on level 4 of the Dungeon)

   Dex:       It affects your dexterity (-2).
   rElec:     It insulates you from electricity.
   rN:        It protects you from negative energy.
   Will:      It greatly increases your willpower.
 b - a +0 robe
 j - a +2 pair of gloves (worn)
Jewellery
 h - an amulet of regeneration (around neck)
 l - a ring of flight (left hand)
Wands
 v - a wand of flame (16)
 z - a wand of polymorph (6)
Scrolls
 o - 2 scrolls of blinking
 p - a scroll of fear
 q - a scroll of identify {@r1}
 r - 6 scrolls of teleportation {@r4}
 s - a scroll of vulnerability {unknown}
 t - a scroll of torment {unknown}
 w - a scroll of magic mapping {unknown}
 y - a scroll of noise {unknown}
 A - a scroll of amnesia {unknown}
Potions
 d - a potion of might {unknown}
 e - a potion of resistance {unknown}
 f - 6 potions of curing {@q1}
 g - 7 potions of mutation {unknown}
 i - 2 potions of lignification
 k - 4 potions of ambrosia {unknown}
 m - 3 potions of berserk rage
 n - a potion of attraction {unknown}
 u - 2 potions of degeneration {unknown}


   Skills:
 + Level 10.0 Fighting
 * Level 11.6 Axes
 - Level 5.6 Armour
 - Level 2.4 Dodging
 - Level 1.5 Stealth
 + Level 3.1 Invocations


You had 8 spell levels left.
You didn't know any spells.
Your spell library contained the following spells:

 Spells                   Type           Power      Damage    Failure   Level
 Ensorcelled Hibernation  Hex/Ice        0%         N/A       69%         2
 Spider Form              Tmut/Pois      0%         N/A       89%         3
 Olgreb's Toxic Radiance  Pois           0%         N/A       100%        4
 Ozocubu's Refrigeration  Ice            0%         4d5       100%        7
 Ignition                 Fire           0%         3d3       100%        8


Dungeon Overview and Level Annotations

Branches:
Dungeon (7/15)             Temple (1/1) D:6         Ossuary (visited)

Altars:
Ashenzari
Cheibriados
Dithmenos
Elyvilon
Fedhas
Gozag
Hepliaklqana
Kikubaaqudgha
Makhleb
Nemelex Xobeh
Okawaru
Qazlal
Ru
Sif Muna
Trog
Uskayaw
Vehumet
Wu Jian
Xom
Yredelemnul
Zin
The Shining One


Message History

You hit the 12-headed hydra.
The 12-headed hydra is almost dead.
The 12-headed hydra bites you! The 12-headed hydra bites you.
The 12-headed hydra bites you but does no damage.
The 12-headed hydra bites you. The 12-headed hydra barely misses you.
The 12-headed hydra bites you but does no damage. x2
The 12-headed hydra closely misses you. The 12-headed hydra barely misses you.
The 12-headed hydra bites you. The 12-headed hydra bites you!
* * * LOW HITPOINT WARNING * * *
The 12-headed hydra bites you but does no damage.
You chop one of the 12-headed hydra's heads off!
The 11-headed hydra grows two more!
You hit the 13-headed hydra.
The 13-headed hydra is severely wounded.
The 13-headed hydra bites you.
* * * LOW HITPOINT WARNING * * *
The 13-headed hydra bites you but does no damage.
The 13-headed hydra closely misses you. The 13-headed hydra barely misses you.
The 13-headed hydra closely misses you. The 13-headed hydra bites you!
* * * LOW HITPOINT WARNING * * *
The 13-headed hydra bites you but does no damage. x2
The 13-headed hydra bites you.
* * * LOW HITPOINT WARNING * * *
The 13-headed hydra bites you.
* * * LOW HITPOINT WARNING * * *
The 13-headed hydra bites you but does no damage.
The 13-headed hydra bites you.
* * * LOW HITPOINT WARNING * * *
The 13-headed hydra bites you but does no damage.
You lop one of the 13-headed hydra's heads off!
The 12-headed hydra grows two more!
You slash the 14-headed hydra!
The 14-headed hydra is severely wounded.
The 14-headed hydra bites you but does no damage. x2
The 14-headed hydra bites you.
* * * LOW HITPOINT WARNING * * *
The 14-headed hydra bites you but does no damage. x2
The 14-headed hydra bites you.
* * * LOW HITPOINT WARNING * * *
The 14-headed hydra misses you. The 14-headed hydra bites you!
You die...
Fedhas appreciates your contribution to the ecosystem.

# ## .# .## ..# ..##
..## #..# ..... ##.##
###....#
###.##############...#
..#............D@..#
...#............#(.#
.....#############..#
.......# ##..#
........# #..#
.........# #..#
.........# #..#
.........# #..#
..(......# #..


You could see a 14-headed hydra (extremely poisoned).

Vanquished Creatures
  A hornet (D:7)
  Prince Ribbit (D:7)
  A steam dragon (D:7)
  An ice beast (D:7)
  A black bear (D:5)
  2 sky beasts
  An ogre (D:5)
  A bullfrog (D:5)
  3 scorpions
  A howler monkey (D:2)
  A centaur zombie (D:5)
  4 hounds
  2 gnoll shamans
  A bullfrog skeleton (D:6)
  Terence (D:3)
  4 orc wizards
  13 mummies (Ossuary)
  Robin (D:4)
  6 adders
  22 gnolls
  A white imp (D:5)
  An adder skeleton (D:4)
  A worm (D:2)
  2 dart slugs
  12 orcs
  9 bats
  4 endoplasms
  5 giant cockroaches
  16 goblins
  9 hobgoblins
  6 jackals (D:1)
  A quokka (D:3)
  7 ball pythons
  2 frilled lizards
  3 gnoll skeletons (Ossuary)
  2 goblin skeletons (Ossuary)
  4 kobolds
  A kobold skeleton (Ossuary)
  2 orc skeletons (Ossuary)
  3 rats
  11 rat skeletons (Ossuary)
170 creatures vanquished.

Vanquished Creatures (others)
  A bush (D:2)
  8 plants (D:2)
9 creatures vanquished.

Grand Total: 179 creatures vanquished

Notes
Turn   | Place    | Note
-------+----------+-------------------------------------------
     0 | D:1      | freelancePsychic the Hill Orc Monk began the quest for the
                  | Orb.
     0 | D:1      | Reached XP level 1. HP: 19/19 MP: 1/1
   344 | D:1      | Reached XP level 2. HP: 25/27 MP: 2/2
   523 | D:1      | Found a faded altar of an unknown god.
   973 | D:2      | Reached skill level 1 in Armour
  1112 | D:2      | Reached XP level 3. HP: 30/33 MP: 3/3
  1258 | D:2      | Reached skill level 5 in Axes
  1351 | D:2      | Reached XP level 4. HP: 33/41 MP: 4/4
  2047 | D:2      | Reached skill level 6 in Axes
  2047 | D:2      | Reached XP level 5. HP: 44/47 MP: 5/5
  2106 | D:2      | Found an ancient bone altar of Kikubaaqudgha.
  2366 | D:3      | Noticed Terence
  2369 | D:3      | Identified a scroll of acquirement
  2369 | D:3      | Acquired a +2 broad axe of venom
  2404 | D:3      | Killed Terence
  2405 | D:3      | Reached skill level 5 in Fighting
  2405 | D:3      | Reached XP level 6. HP: 56/56 MP: 6/6
  2762 | D:3      | Reached skill level 7 in Axes
  2819 | D:4      | Identified the +3 ring mail of Renit {rElec rN+ Will+++
                  | Dex-2}
  2895 | D:4      | Noticed Robin
  2908 | D:4      | Killed Robin
  2979 | D:4      | Found a sand-covered staircase.
  2986 | Ossuary  | Entered an ossuary
  3105 | Ossuary  | Acquired a manual of Fighting
  3126 | Ossuary  | Reached XP level 7. HP: 61/61 MP: 7/7
  3193 | Ossuary  | Reached skill level 8 in Axes
  3426 | D:4      | Found a shimmering blue altar of Sif Muna.
  3960 | D:5      | Entered Level 5 of the Dungeon
  4321 | D:5      | Reached skill level 9 in Axes
  4370 | D:5      | Reached XP level 8. HP: 73/73 MP: 8/8
  4564 | D:5      | Reached skill level 10 in Axes
  4564 | D:5      | Reached skill level 5 in Armour
  5113 | D:6      | Found a staircase to the Ecumenical Temple.
  5383 | Temple   | Entered the Ecumenical Temple
  5447 | Temple   | Became a worshipper of Fedhas Madash
  5447 | Temple   | Reached * piety under Fedhas
  5447 | Temple   | Reached ** piety under Fedhas
  5628 | D:7      | Reached skill level 11 in Axes
  5628 | D:7      | Reached skill level 1 in Invocations
  5628 | D:7      | Reached XP level 9. HP: 73/83 MP: 8/10
  5669 | D:7      | Noticed a hornet
  5674 | D:7      | Paralysed by a hornet for 2 turns
  5677 | D:7      | Killed a hornet
  5799 | D:7      | Noticed Prince Ribbit
  5807 | D:7      | Killed Prince Ribbit
  5808 | D:7      | Reached skill level 10 in Fighting
  5821 | D:7      | Noticed a five-headed hydra
  5873 | D:7      | HP: 3/85 [14-headed hydra (5)]
  5873 | D:7      | HP: 1/85 [14-headed hydra (2)]
  5873 | D:7      | Mangled by a 14-headed hydra

Illustrated notes

Levels and vault maps discovered:
D:1:      dpeg_arrival_rooms_c, layout_loops_ring,
          hellmonk_ecumenical_altar_crossroads, amcnicky_mini_pool_small
D:2:      minmay_evil_eye, layout_basic, basic_altar, serial_forest,
          infiniplex_forest_lined_1, infiniplex_forest_lined_2,
          infiniplex_forest_lined_2, infiniplex_forest_end_2,
          infiniplex_forest_lined_corner, infiniplex_forest_straight_2,
          infiniplex_forest_lined_ring, infiniplex_forest_clump_diagonal,
          infiniplex_forest_clump_double, infiniplex_forest_clump_curved,
          st_stairs_12, grunt_decor_clamped
D:3:      layout_rooms, st_stairs_1, uniq_terence
D:4:      layout_gridville, kennysheep_orc_sif_temple, enter_ossuary_1,
          minmay_ruptured, uniq_robin
D:5:      layout_gridville
D:6:      layout_loops_cross, temple_pool_b, serial_park_tiny_2,
          dk_rats_in_the_wall
D:7:      layout_cave_pods, kb_rosetta, uniq_joseph, uniq_prince_ribbit1
Temple:   compressed_dpeg_triangle_lava_temple

Skill      XL: |  1  2  3  4  5  6  7  8  9 |
---------------+----------------------------+-----
Fighting       | 4 5 7 9 10 | 10.0
Armour         | 1 2 3 4 5 |  5.6
Axes           | 5 6 7 9 11 | 11.6
Invocations    | 1 3 |  3.1
Dodging        | |  2.4
Stealth        | |  1.5

Action                   |  1- 3 |  4- 6 |  7- 9 || total
-------------------------+-------+-------+-------++-------
Melee: Hand axe          |    93 |    92 |       ||   185
       Broad axe         |       |   114 |   199 ||   313
Throw: Throwing net      |       |       |     2 ||     2
Invok: Wall of Briars    |       |       |     2 ||     2
  Use: Scroll            |       |     6 |     7 ||    13
 Stab: Sleeping          |     1 |       |       ||     1
       Held in net/web   |       |       |     1 ||     1
Armor: Ring mail         |    45 |    64 |   102 ||   211
       Robe              |     5 |       |       ||     5
Dodge: Dodged            |    72 |   128 |   108 ||   308

Table legend: (Time is in decaauts)
 A = Elapsed time spent in this place.
 B = Non-inter-level travel time spent in this place.
 C = Inter-level travel time spent in this place.
 D = Time resting spent in this place.
 E = Time spent auto-exploring this place.
 F = Levels seen in this place.
 G = Mean time per level.
                   A        B        C        D        E       F      G
               +--------+--------+--------+--------+--------+-----+--------+
         Total |   5937 |   5669 |    268 |     93 |   4168 |   9 |  659.7 |
       Dungeon |   5498 |   5247 |    251 |     93 |   3983 |   7 |  785.4 |
        Temple |     80 |     64 |     16 |      0 |      0 |   1 |   80.0 |
       Ossuary |    357 |    357 |      0 |      0 |    185 |   1 |  357.0 |
               +--------+--------+--------+--------+--------+-----+--------+

Top non-repeatable levels by time:
     D:2: 1139 daAuts
     D:1: 1063 daAuts
     D:5: 958 daAuts
     D:4: 876 daAuts
     D:6: 633 daAuts
     D:3: 570 daAuts
 Ossuary: 357 daAuts
     D:7: 257 daAuts
  Temple: 80 daAuts
